 Dungeon Crawl Stone Soup version 0.32-a0-422-g28b100f618 (webtiles) character file.

Game seed: 16519125015678161386

182 cforsyth the Slasher (level 5, 0/42 HPs)
             Began as a Coglin Gladiator on Feb 22, 2024.
             Incinerated by a bombardier beetle (6 damage)
             ... with a burning spray
             ... on level 3 of the Dungeon.
             The game lasted 00:02:27 (1911 turns).

cforsyth the Slasher (Coglin Gladiator)             Turns: 1911, Time: 00:02:27

Health: 0/42       AC:  9    Str: 14    XL:     5   Next: 61%
Magic:  5/5        EV: 12    Int:  8    God:
Gold:   54         SH:  0    Dex: 17    Spells: 4/4 levels left

rFire   . . .        a - +0 long sword {Yuina}
rCold   . . .        j - +0 falchion {Fatehjeet}
rNeg    . . .        s - +4 leather armour "Iclowo" {Will+}
rPois   .            c - +0 helmet
rElec   .            f - +0 cloak
rCorr   .            (no gloves)
SInv    .            (no boots)
Will    +....        (no amulet)
Stlth   +            (no ring)
HPRegen 0.27/turn    (no ring)
MPRegen 0.09/turn

%: no passive effects
@: on fire, attractive, immotile, glowing, revved
A: off-hand wielding, slow wielding, warmup strikes, legs shutdown
a: no special abilities


You were on level 3 of the Dungeon.
You visited 1 branch of the dungeon, and saw 3 of its levels.

You collected 54 gold pieces.


Innate Abilities, Weirdness & Mutations

You can wield a second weapon in your off-hand.
It takes a long time for you to wield or remove held weapons.
Your first few attacks do less damage.
Attacking and casting redirects power from your legs.


   Skills:
 + Level 3.6 Fighting
 + Level 4.2 Long Blades
 - Level 1.7 Throwing
 + Level 2.4 Armour
 - Level 2.6 Dodging


You had 4 spell levels left.
You didn't know any spells.
Your spell library was empty.

Inventory:

Hand Weapons
 a - a +0 long sword (weapon) {Yuina}
 j - a +0 falchion (offhand) {Fatehjeet}
Missiles
 d - 3 throwing nets (quivered) {=f}
 e - a javelin
Armour
 b - a +0 leather armour
 c - a +0 helmet (worn)
 f - a +0 cloak (worn)
 s - the +4 leather armour "Iclowo" (worn) {Will+}
   (You found it on level 3 of the Dungeon)

   Will+:     It increases your willpower.
Jewellery
 R - a ring of resist corrosion
 W - a ring of willpower
Scrolls
 g - a scroll of blinking {unknown}
 i - 2 scrolls of identify {unknown}
 l - a scroll of immolation {unknown}
 m - a scroll of teleportation {unknown}
 p - a scroll of acquirement {unknown}
 r - a scroll of brand weapon {unknown}
Potions
 h - a potion of might {unknown}
 k - a potion of degeneration {unknown}
 n - a potion of mutation {unknown}
 o - 2 potions of attraction
 q - a potion of berserk rage {unknown}
 t - a potion of heal wounds {unknown}

Dungeon Overview and Level Annotations

Branches:
Dungeon (3/15)

Altars:

#+### ###...#
#.....## #......#
#...$.. #...††#
#...!@# #.....###
###############...#
#.................#
#.#############...#
#.##.....# #...#
#.##.(...# #.....
#.##.....############
.
#.##.....'.........#
#


There were no monsters in sight!


Message History

* * * LOW HITPOINT WARNING * * *
The giant cockroach completely misses you.
The giant cockroach bites you but does no damage.
Unknown command.
You hit the bombardier beetle with your +0 long sword.
The bombardier beetle is severely wounded.
You hit the bombardier beetle but do no damage.
The liquid fire burns you!
* * * LOW HITPOINT WARNING * * *
The bombardier beetle barely misses you.
The giant cockroach barely misses you.
Unknown command.
You barely miss the bombardier beetle with your +0 falchion.
The bombardier beetle is severely wounded.
You slash the bombardier beetle with your +0 long sword!
You kill the bombardier beetle!
The liquid fire burns you!
* * * LOW HITPOINT WARNING * * *
The giant cockroach closely misses you.
Unknown command.
You hit the giant cockroach with your +0 falchion.
You kill the giant cockroach!
The liquid fire burns you!
* * * LOW HITPOINT WARNING * * *
You cannot move.
Unknown command.
It was a potion of attraction.
You feel attractive to monsters. The liquid fire burns you!
You die...

Skill      XL: |  1  2  3  4  5 |
---------------+----------------+-----
Armour         | 1 2 |  2.4
Fighting       | 3 |  3.6
Long Blades    | 4 |  4.2
Throwing       | |  1.7
Dodging        | |  2.6

Action                     |  1- 3 |  4- 6 || total
---------------------------+-------+-------++-------
  Melee: Long sword        |    61 |    49 ||   110
         Falchion          |       |    47 ||    47
    Use: Potion            |       |     1 ||     1
   Stab: Sleeping          |     1 |     2 ||     3
 Armour: Leather armour    |    30 |    31 ||    61
  Dodge: Dodged            |    30 |    31 ||    61

Levels and vault maps discovered:
D:1:      wander_arrival_chamber, layout_loops_ring,
          shapermc_ecumenical_altar_acropolis
D:2:      layout_basic, minmay_quadrilaterals
D:3:      layout_basic

Notes
Turn   | Place    | Note
-------+----------+-------------------------------------------
     0 | D:1      | cforsyth the Coglin Gladiator began the quest for the Orb.
     0 | D:1      | Reached XP level 1. HP: 16/16 MP: 1/1
   112 | D:1      | Reached XP level 2. HP: 22/22 MP: 2/2
   227 | D:1      | Reached skill level 1 in Armour
   333 | D:1      | Reached XP level 3. HP: 27/28 MP: 3/3
   445 | D:1      | Found a faded altar of an unknown god.
   869 | D:2      | Reached XP level 4. HP: 34/34 MP: 4/4
   883 | D:2      | Reached skill level 3 in Fighting
  1365 | D:2      | Reached skill level 2 in Armour
  1409 | D:2      | Reached XP level 5. HP: 41/41 MP: 5/5
  1509 | D:2      | Reached skill level 4 in Long Blades
  1596 | D:3      | Identified the +4 leather armour "Iclowo" {Will+}
  1911 | D:3      | Incinerated by a bombardier beetle

Vanquished Creatures
  A bombardier beetle (D:3)
  6 adders (D:2)
  2 dart slugs
  10 bats
  4 endoplasms
  A giant cockroach (D:3)
  4 goblins
  5 hobgoblins
  2 jackals (D:2)
  2 quokkas (D:1)
  7 ball pythons
  3 frilled lizards (D:1)
  4 kobolds
  4 rats
55 creatures vanquished.

Table legend: (Time is in decaauts)
 A = Elapsed time spent in this place.
 B = Non-inter-level travel time spent in this place.
 C = Inter-level travel time spent in this place.
 D = Time resting spent in this place.
 E = Time spent auto-exploring this place.
 F = Levels seen in this place.
 G = Mean time per level.
                   A        B        C        D        E       F      G
               +--------+--------+--------+--------+--------+-----+--------+
         Total |   1930 |   1855 |     75 |      0 |   1487 |   3 |  643.3 |
       Dungeon |   1930 |   1855 |     75 |      0 |   1487 |   3 |  643.3 |
               +--------+--------+--------+--------+--------+-----+--------+

Top non-repeatable levels by time:
     D:2: 874 daAuts
     D:1: 725 daAuts
     D:3: 330 daAuts

Table legend:
 A = Non-vault XP
 B = Vault XP
 C = Vault XP percentage of total XP
 D = Non-vault monster count
 E = Vault monster count
 F = Vault count percentage of total count
                 A         B        C        D         E       F
            +---------+---------+-------+---------+---------+-------
      Total |     237 |      23 |   8.8 |      51 |       4 |   7.3
            +---------+---------+-------+---------+---------+-------
        D:1 |      62 |       0 |   0.0 |      23 |       0 |   0.0
        D:2 |     101 |      23 |  18.5 |      15 |       4 |  21.1
        D:3 |      74 |       0 |   0.0 |      13 |       0 |   0.0
            +---------+---------+-------+---------+---------+-------
